 Dungeon Crawl Stone Soup version 0.17-a0-1011-gfa70bdd (webtiles) character file.

170 Fluffy the Chopper (level 5, -5/47 HPs)
             Began as a Hill Orc Fighter on May 13, 2015.
             Was an Initiate of Okawaru.
             Killed from afar by a gnoll (23 damage)
             ... with a wand of draining
             ... on level 3 of the Dungeon.
             The game lasted 00:05:33 (2026 turns).

Fluffy the Chopper (Hill Orc Fighter)               Turns: 2026, Time: 00:05:33

Health: -5/47      AC:  6    Str: 19    XL:     5   Next: 50%
Magic:  5/5        EV:  6    Int:  8    God:    Okawaru [......]
Gold:   120        SH:  9    Dex: 11    Spells: 0 memorised, 4 levels left

rFire  . . .     SeeInvis .     a - +1 war axe
rCold  . . .     Clarity  .     b - +0 scale mail
rNeg   . . .     SustAb   .     c - +1 shield
rPois  .         Gourm    .     (no helmet)
rElec  .         Spirit   .     (no cloak)
rCorr  .         Warding  .     (no gloves)
rMut   .         Stasis   .     (no boots)
MR     .....                    (no amulet)
Stlth  ..........               (no ring)
                                (no ring)

@: heavily drained, not resistant to hostile enchantments, extremely unstealthy
A: no striking features
a: Renounce Religion


You were on level 3 of the Dungeon.
You worshipped Okawaru.
Okawaru was noncommittal.
You were not hungry.

You visited 1 branch of the dungeon, and saw 3 of its levels.

You collected 120 gold pieces.

Inventory:

Hand weapons
 a - a +1 war axe (weapon)
Armour
 b - a +0 scale mail (worn)
 c - a +1 shield (worn)
Scrolls
 g - a scroll of recharging
 k - a scroll of amnesia {unknown}
 l - 2 scrolls of enchant armour
 r - a scroll of teleportation
Potions
 d - a potion of might
 i - a potion of ambrosia {unknown}
 j - a potion of agility {unknown}
 n - 2 potions of flight {unknown}
 o - 2 potions of curing {unknown}
 q - a potion of lignification {unknown}
Comestibles
 e - 2 bread rations
 f - a chunk of flesh
 h - a meat ration
 p - 3 fruits
 s - 2 royal jellies


   Skills:
 + Level 4.7(3.1) Fighting
 + Level 4.9(3.3) Axes
 + Level 4.7(3.1) Armour
 - Level 3.2(1.7) Shields
 + Level 1.1(0.0) Invocations


You had 4 spell levels left.
You didn't know any spells.

Dungeon Overview and Level Annotations

Branches:
Dungeon (3/15)

Altars:
Nemelex Xobeh
Okawaru

Annotations:
D:3 Borgoz's ghost, average DsFi


Message History

You kill the hobgoblin!
Okawaru accepts your kill. You block the bat's attack.
The goblin shoots a stone.
You block the stone.
You barely miss the bat. You block the bat's attack.
You block the bat's attack.
The gnoll zaps a wand.
The bolt of negative energy misses the hobgoblin.
The bolt of negative energy hits you!
You feel drained.
It is a wand of draining.
Things that are here:
a club; a hobgoblin corpse You hit the hobgoblin.
You kill the hobgoblin!
Okawaru accepts your kill. The bat closely misses you.
The gnoll zaps a wand.
The bolt of negative energy hits the goblin.
The goblin is drained!
The goblin dies!
The bolt of negative energy hits you!
You feel drained.
The gnoll zaps a wand.
The bolt of negative energy hits you!
You feel drained.
You die...

...............................(.
.............................)().
≈≈≈≈≈≈.≈≈..≈≈.≈≈.≈≈≈≈≈.≈≈≈...))≈≈
≈≈≈≈≈≈≈≈≈≈≈≈≈≈≈≈≈≈≈≈≈≈≈≈≈.....≈≈≈
≈≈≈≈≈≈≈≈≈≈≈≈≈≈≈≈≈≈≈≈≈≈≈≈≈≈.....≈≈
#≈≈≈≈≈≈≈≈≈≈≈≈≈≈≈≈≈≈≈≈≈≈≈≈≈....≈≈≈
###########################''####
##....b#...... #....#
##)....@))g.... #))..#
#......(#########....##
#..............#......#
+............).)......+
#.............)#).....#
#.......#########....## ##......+
#....# ##.....# #....# #######
######


You could see a gnoll and a bat.

Vanquished Creatures
  A crimson imp (D:2)
  Ijyb (D:2)
  Natasha (thrice) (D:2)
  A gnoll (D:3)
  An adder (D:2)
  4 worms (D:3)
  A giant gecko (D:3)
  5 orcs (D:3)
  8 bats
  7 giant cockroaches
  11 hobgoblins
  8 kobolds
  A giant newt (D:2)
  11 goblins
  3 jackals (D:3)
  11 rats
77 creatures vanquished.

Vanquished Creatures (others)
  A goblin (D:3)
1 creature vanquished.

Grand Total: 78 creatures vanquished

Notes
Turn   | Place    | Note
--------------------------------------------------------------
     0 | D:1      | Fluffy the Hill Orc Fighter began the quest for the Orb.
     0 | D:1      | Reached XP level 1. HP: 19/19 MP: 1/1
   190 | D:1      | Reached XP level 2. HP: 25/27 MP: 2/2
   284 | D:1      | You fall through a shaft!
   284 | D:2      | Found a sparkling altar of Nemelex Xobeh.
   289 | D:2      | Reached XP level 3. HP: 33/33 MP: 3/3
   304 | D:2      | Noticed Ijyb
   323 | D:2      | Killed Ijyb
   323 | D:2      | Reached skill level 4 in Fighting
   633 | D:2      | Reached XP level 4. HP: 40/40 MP: 4/4
   779 | D:2      | Noticed Natasha
   803 | D:2      | Killed Natasha
  1064 | D:2      | Found an iron altar of Okawaru.
  1095 | D:2      | Became a worshipper of Warmaster Okawaru
  1259 | D:2      | Noticed Natasha
  1266 | D:2      | Killed Natasha
  1266 | D:2      | Reached skill level 1 in Invocations
  1296 | D:2      | Noticed Natasha
  1301 | D:2      | Killed Natasha
  1456 | D:3      | Reached XP level 5. HP: 47/47 MP: 5/5
  1758 | D:3      | Noticed Borgoz's ghost (average DsFi)
  2026 | D:3      | Killed from afar by a gnoll

Vault maps used:
D:1:      noname_arrival_rooms_in_the_neighbourhood, minmay_crystal_water,
          minmay_misc_feat_room, wad_floor_pattern_1, st_stairs_9,
          grunt_decor_clamped
D:2:      lemuel_coloured_pillars_altar, nicolae_overflow_crystal_walls,
          minmay_misc_feat_columns, uniq_natasha, uniq_iyjb
D:3:      minmay_goblin_kobold_castle

Action                   |  1- 3 |  4- 6 || total
-------------------------+-------+-------++-------
Melee: War axe           |    59 |   155 ||   214
  Use: Scroll            |       |     7 ||     7
  Eat: Chunk             |       |     4 ||     4
